 Dungeon Crawl Stone Soup version 0.31-a0-1589-g8f5e8aebd6 (webtiles) character file.

Game seed: 1208559044448746978

202 quinnr the Gusty (level 5, -3/29 HPs)
             Began as a Tengu Air Elementalist on Jan 5, 2024.
             Slain by a hound (5 damage)
             ... on level 6 of the Dungeon.
             The game lasted 00:05:06 (2614 turns).

quinnr the Gusty (Tengu Air Elementalist)           Turns: 2614, Time: 00:05:07

Health: -3/29      AC:  3    Str:  8    XL:     5   Next: 80%
Magic:  8/8        EV: 12    Int: 18    God:
Gold:   154        SH:  0    Dex: 14    Spells: 2/8 levels left

rFire   . . .        f - staff of air {!a}
rCold   + . .        (no shield)
rNeg    . . .        a - +1 robe
rPois   .            (helmet restricted)
rElec   +            (no cloak)
rCorr   .            (no gloves)
SInv    .            (boots unavailable)
Will    +....        (no amulet)
Stlth   ++           C - ring of protection from cold
HPRegen 0.24/turn    (no ring)
MPRegen 0.11/turn

%: acrobat
@: enlightened, flying
A: beak, talons 3, acrobatic, low MP 1
a: no special abilities


You were on level 6 of the Dungeon.
You visited 1 branch of the dungeon, and saw 7 of its levels.

You collected 154 gold pieces.


Innate Abilities, Weirdness & Mutations

You have a beak for a mouth.
You have claws for feet.
You can magically evade attacks while moving or waiting.
Your magical capacity is low. (-10% MP)


   Skills:
 - Level 1.0 Fighting
 + Level 0.9 Throwing
 + Level 2.5 Dodging
 + Level 2.4 Stealth
 + Level 2.2 Spellcasting
 - Level 1.3 Conjurations
 + Level 7.3 Air Magic


You had 2 spell levels left.
You knew the following spells:

 Your Spells              Type           Power      Damage    Failure   Level
i - Swiftness             Air            42%        N/A       2%          3
t - Static Discharge      Conj/Air       52%        3-6/arc   4%          2
z - Shock                 Conj/Air       100%       1d9       3%          1

Your spell library contained the following spells:

 Spells                   Type           Power      Damage    Failure   Level
 Airstrike                Air            21%        2d(3-19)  9%          4

Inventory:

Hand Weapons
 d - a +1 spear of pain
 l - a +1 dagger of venom
Missiles
 g - 4 javelins
 o - 9 poisoned darts
Armour
 a - a +1 robe (worn)
Magical Staves
 f - a staff of air (weapon) {!a}
Jewellery
 C - a ring of protection from cold (left hand)
Wands
 k - a wand of polymorph (21)
Scrolls
 c - a scroll of identify {unknown}
 j - a scroll of teleportation {@r2}
 m - a scroll of vulnerability {unknown}
Potions
 b - a potion of magic
 e - a potion of might {unknown}
 h - 2 potions of mutation
 i - a potion of enlightenment
 n - a potion of haste {unknown}
 p - a potion of ambrosia {unknown}
 q - 2 potions of resistance {unknown}
 r - a potion of curing {unknown}

Dungeon Overview and Level Annotations

Branches:
Dungeon (7/15)
 Temple: D:4-7

Altars:

### ##.##
#...##
#..h@####
##..##...##
#....h....#
##.........#
##........#
##........#
##......##
.........
.........


You could see a hound.


Message History

A hound comes into view.
You feel sick.
Unknown command.
You feel sick.
The hound barks!
You feel sick.
You feel sick.
You feel sick.
The hound stops to sniff the ground.
The hound closely misses you.
Casting: Static Discharge (safe; 4% risk of failure)
Confirm with . or Enter, or press ? or * to list all spells.
Aiming: Shock (safe; 3% risk of failure)
Press: ? - help, Shift-Dir - straight line You feel a surge of power!
The zap hits the hound.
The hound is lightly wounded.
The zap misses the hound.
You feel sick.
You are no longer poisoned.
The hound bites you.
* * * LOW HITPOINT WARNING * * *
Unknown command.
It was a potion of mutation.
You feel extremely strange.
You feel less energetic. The hound bites you.
* * * LOW HITPOINT WARNING * * *
The hound misses you.
It was a potion of enlightenment.
You feel very buoyant.
You fly up into the air.
The hound bites you.
You die...

Skill      XL: |  1  2  3  4  5 |
---------------+----------------+-----
Air Magic      | 5 6 7 |  7.3
Fighting       | 1 |  1.0
Throwing       | |  0.9
Dodging        | |  2.5
Stealth        | |  2.4
Spellcasting   | |  2.2
Conjurations   | |  1.3

Action                     |  1- 3 |  4- 6 || total
---------------------------+-------+-------++-------
  Melee: Unarmed           |    12 |       ||    12
         Kick              |     1 |       ||     1
   Cast: Shock             |    77 |    43 ||   120
         Static Discharge  |     3 |     2 ||     5
    Use: Scroll            |       |     3 ||     3
         Potion            |       |     2 ||     2
 Armour: Robe              |    12 |    12 ||    24
         Skin              |     1 |       ||     1
  Dodge: Dodged            |    34 |    13 ||    47

Levels and vault maps discovered:
D:1:      minmay_arrival_three_doors, layout_rooms
D:2:      wander_river, layout_basic, dreamdust_ecumenical_altar_statues,
          uniq_natasha, uniq_jessica, uniq_robin, uniq_crazy_yiuf_cottage
D:3:      layout_basic, zin_angel
D:4:      layout_loops_ring, amcnicky_altar_gilded, mainiacjoe_overflow_brackets
D:5:      lemuel_castle_with_subvaults [lemuel_castle_interior_original],
          layout_loops_ring, nicolae_overflow_crystal_walls,
          minmay_temple_entry_drinking_statues, kennysheep_cross_room,
          uniq_sigmund
D:6:      layout_cave_pools
D:7:      layout_loops_ring, mainiacjoe_overflow_surrounded_room,
          gammafunk_temple_overflow_wave, nicolae_shop_distant_corner_stores,
          uniq_duvessa, uniq_prince_ribbit1, uniq_joseph

Notes
Turn   | Place    | Note
-------+----------+-------------------------------------------
     0 | D:1      | quinnr the Tengu Air Elementalist began the quest for the
                  | Orb.
     0 | D:1      | Reached XP level 1. HP: 10/10 MP: 4/4
   168 | D:1      | Reached XP level 2. HP: 10/15 MP: 1/6
   243 | D:1      | Learned a level 2 spell: Static Discharge
   261 | D:1      | Reached skill level 5 in Air Magic
   668 | D:1      | Reached XP level 3. HP: 19/19 MP: 4/7
  1005 | D:1      | Learned a level 3 spell: Swiftness
  1230 | D:2      | Noticed Robin
  1234 | D:1      | Reached skill level 6 in Air Magic
  1418 | D:2      | Noticed Natasha
  1429 | D:2      | Killed Natasha
  1430 | D:2      | Reached XP level 4. HP: 16/24 MP: 2/8
  1535 | D:2      | Noticed Natasha
  1544 | D:2      | Killed Natasha
  1545 | D:2      | Reached skill level 7 in Air Magic
  1645 | D:2      | Noticed Jessica
  1652 | D:2      | Killed Jessica
  1653 | D:2      | Reached XP level 5. HP: 28/28 MP: 6/9
  1703 | D:2      | Noticed Natasha
  1709 | D:2      | Killed Natasha
  1788 | D:2      | Killed Robin
  1976 | D:2      | Found a faded altar of an unknown god.
  2506 | D:3      | You fall into a shaft and drop 3 floors!
  2519 | D:6      | Reached skill level 1 in Fighting
  2526 | D:5      | Entered Level 5 of the Dungeon
  2600 | D:7      | Noticed a water moccasin
  2605 | D:6      | Noticed a water moccasin
  2613 | D:6      | Gained mutation: Your magical capacity is low. (-10% MP)
                  | [potion of mutation]
  2613 | D:6      | HP: 1/29 [hound (4)]
  2614 | D:6      | Slain by a hound

Vanquished Creatures
  Jessica (D:2)
  An iguana (D:6)
  Natasha (thrice) (D:2)
  Robin (D:2)
  A dart slug (D:3)
  4 endoplasms
  2 giant cockroaches (D:1)
  8 hobgoblins
  10 jackals (D:1)
  4 quokkas
  2 ball pythons (D:1)
  3 bats
  2 frilled lizards (D:1)
  10 goblins
  4 kobolds
  3 rats (D:1)
59 creatures vanquished.

Table legend: (Time is in decaauts)
 A = Elapsed time spent in this place.
 B = Non-inter-level travel time spent in this place.
 C = Inter-level travel time spent in this place.
 D = Time resting spent in this place.
 E = Time spent auto-exploring this place.
 F = Levels seen in this place.
 G = Mean time per level.
                   A        B        C        D        E       F      G
               +--------+--------+--------+--------+--------+-----+--------+
         Total |   2608 |   2524 |     84 |    192 |   1881 |   7 |  372.6 |
       Dungeon |   2608 |   2524 |     84 |    192 |   1881 |   7 |  372.6 |
               +--------+--------+--------+--------+--------+-----+--------+

Top non-repeatable levels by time:
     D:1: 1371 daAuts
     D:2: 649 daAuts
     D:3: 477 daAuts
     D:6: 104 daAuts
     D:5: 1 daAuts
     D:4: 1 daAuts
     D:7: 1 daAuts

Table legend:
 A = Non-vault XP
 B = Vault XP
 C = Vault XP percentage of total XP
 D = Non-vault monster count
 E = Vault monster count
 F = Vault count percentage of total count
                 A         B        C        D         E       F
            +---------+---------+-------+---------+---------+-------
      Total |     181 |     108 |  37.4 |      46 |      13 |  22.0
            +---------+---------+-------+---------+---------+-------
        D:1 |      58 |       8 |  12.1 |      34 |       4 |  10.5
        D:2 |      78 |     100 |  56.2 |       6 |       9 |  60.0
        D:3 |       8 |       0 |   0.0 |       5 |       0 |   0.0
        D:6 |      37 |       0 |   0.0 |       1 |       0 |   0.0
            +---------+---------+-------+---------+---------+-------

Levels and vault maps discovered:
D:1:      minmay_arrival_three_doors, layout_rooms
D:2:      wander_river, layout_basic, dreamdust_ecumenical_altar_statues,
          uniq_natasha, uniq_jessica, uniq_robin, uniq_crazy_yiuf_cottage
D:3:      layout_basic, zin_angel
D:4:      layout_loops_ring, amcnicky_altar_gilded, mainiacjoe_overflow_brackets
D:5:      lemuel_castle_with_subvaults [lemuel_castle_interior_original],
          layout_loops_ring, nicolae_overflow_crystal_walls,
          minmay_temple_entry_drinking_statues, kennysheep_cross_room,
          uniq_sigmund
D:6:      layout_cave_pools
D:7:      layout_loops_ring, mainiacjoe_overflow_surrounded_room,
          gammafunk_temple_overflow_wave, nicolae_shop_distant_corner_stores,
          uniq_duvessa, uniq_prince_ribbit1, uniq_joseph
